 Dungeon Crawl Stone Soup version coffee-0.2.0 (webtiles) character file.

Game seed: 15424610369338876702, levelgen mode: deterministic

19402 Dorkslayer the Fighter (level 13, 0/114 HPs)
             Began as a Human Fighter on Sept 24, 2020.
             Was a Priest of the Shining One.
             Slain by a moth of wrath (14 damage)
             ... in the Realm of Zot on Sept 26, 2020.
             The game lasted 00:56:26 (11379 turns).

Dorkslayer the Fighter (Human Fighter)             Turns: 11379, Time: 00:56:26

Health: 0/114      AC: 22    Str: 15    XL:     13   Next: 4%
Magic:  12/15      EV: 12    Int:  9    God:    the Shining One [***...]
Gold:   510        SH: 22    Dex: 22    Spells: 12/12 levels left

rFire    + + +     SeeInvis .   a - +2 long sword (freeze)
rCold    . . .     Gourm    .   c - +0 kite shield
rNeg     + . .     Faith    .   g - +0 shadow dragon scales
rPois    +         Spirit   .   (helmet restricted)
rElec    .         Reflect  .   M - +1 cloak {+Inv}
rCorr    .         Harm     .   (no gloves)
MR       +....     Rnd*Tele +   s - +2 pair of boots of Jiposs {rF+++ MR+ Str-2 Dex+4}
Stlth    +++.......             A - amulet of the acrobat
HPRegen  0.29/turn              E - +5 ring of dexterity
MPRegen  0.14/turn              l - ring of poison resistance

@: divine shield, glowing, constricted
A: antennae 1, low mp 1, teleportitis 1, weak 2
a: Divine Shield, Renounce Religion, Evoke Invisibility


You were in the Realm of Zot.
You worshipped the Shining One.
The Shining One was most pleased with you.
You were not hungry.

You visited 3 branches of the dungeon, and saw 12 of its levels.

You collected 570 gold pieces.
You spent 60 gold pieces at shops.

Inventory:

Hand Weapons
 a - a +2 long sword of freezing (weapon)
 C - the +1 short sword of the Lumpy Scars {vorpal, *Rage rElec Int+4 Dex+4}
   (You found it on level 5 of the Dungeon)

   It inflicts extra damage upon your enemies.
   It affects your intelligence (+4).
   It affects your dexterity (+4).
   It insulates you from electricity.
   It may make you go berserk in combat.
Missiles
 J - a throwing net
 L - 3 boomerangs (quivered)
Armour
 c - a +0 kite shield (worn)
 g - +0 shadow dragon scales (worn)
 s - the +2 pair of boots of Jiposs (worn) {rF+++ MR+ Str-2 Dex+4}
   (You found it on level 3 of the Dungeon)

   It affects your strength (-2).
   It affects your dexterity (+4).
   It renders you almost immune to fire.
   It affects your resistance to hostile enchantments.
 u - a +0 helmet
 M - a +1 cloak of invisibility (worn)
Jewellery
 l - a ring of poison resistance (right hand)
 A - an amulet of the acrobat (around neck)
 E - a +5 ring of dexterity (left hand)
Wands
 m - a wand of scattershot (1)
 n - a wand of paralysis (2)
 p - a wand of iceblast (1)
 v - a wand of flame (20)
 y - a wand of digging (3)
Scrolls
 b - 2 scrolls of immolation
 e - 7 scrolls of remove curse
 h - a scroll of enchant armour
 k - 6 scrolls of blinking
 q - 2 scrolls of brand weapon
 w - a scroll of amnesia
 D - 2 scrolls of fear
 F - 2 scrolls of fog
 H - 3 scrolls of teleportation
Potions
 d - 3 potions of might
 j - 6 potions of curing
 o - a potion of brilliance
 t - 2 potions of cancellation
 x - a potion of magic
 z - a potion of haste
 G - 2 potions of heal wounds
 I - a potion of stabbing
Comestibles
 f - 14 rations


   Skills:
 * Level 14.4(16.0) Fighting
 - Level 4.1(5.9) Short Blades
 + Level 6.6(7.2) Long Blades
 + Level 4.9 Throwing
 + Level 10.0(14.0) Armour
 + Level 5.0(12.7) Dodging
 - Level 5.5(12.8) Shields
 + Level 6.3(7.7) Invocations
 + Level 6.1(7.2) Evocations


You had 12 spell levels left.
You didn't know any spells.
Your spell library contained the following spells:

 Spells                   Type           Power        Failure   Level  Hunger
 Summon Small Mammal      Summ           #...         85%         1    None
 Confusing Touch          Hex            #.......     86%         3    ##.....
 Call Imp                 Summ           #.......     94%         2    None
 Summon Guardian Golem    Hex/Summ       #.......     96%         3    ##.....
 Call Canine Familiar     Summ           #.......     99%         3    ##.....
 Gell's Gravitas          Tloc           #.........   99%         3    ##.....
 Petrify                  Tmut/Erth      #.......     100%        4    ####...
 Summon Ice Beast         Ice/Summ       #.......     100%        4    ####...
 Summon Lightning Spire   Summ/Air       #.......     100%        4    ####...
 Metabolic Englaciation   Hex/Ice        ##........   100%        5    #####..
 Yara's Violent Unravell  Hex/Tmut       #.........   100%        5    #####..


Dungeon Overview and Level Annotations

Branches:
Dungeon (10/10)            Temple (1/1) D:2             Zot (1/1) D:10

Altars:
Gozag
Okawaru
Trog
Uskayaw
Xom
The Shining One

Shops:
D:1 !%=(   D:4 [


Innate Abilities, Weirdness & Mutations

You have a pair of small antennae on your head.
Your magical capacity is low. (-10% MP)
You are occasionally teleported next to monsters.
You are very weak. (Str -4)


Message History

The tentacled monstrosity constricts you!
The moth of wrath bites you!
* * * LOW HITPOINT WARNING * * *
You hit the tentacled monstrosity.
The tentacled monstrosity is almost dead.
You block the moth of wrath's attack.
The tentacled monstrosity tentacle-slaps you!
* * * LOW HITPOINT WARNING * * *
You block the tentacled monstrosity's attack.
The tentacled monstrosity tentacle-slaps you but does no damage.
The tentacled monstrosity constricts you.
Your shield is strengthened by the Shining One's divine power.
You feel slightly more hungry.
The moth of wrath bites you but does no damage.
You block the tentacled monstrosity's attack. x2
The tentacled monstrosity tentacle-slaps you but does no damage.
* * * LOW HITPOINT WARNING * * *
The tentacled monstrosity constricts you.
The moth of wrath bites you!
You die...

. ...⌠.....#.........#
.........#.........# #
.........#.........# ###
...................###.)
..[..$............⌠#....
.....$....##....^#...8..
.......?..##.....###...#
......X@..##.......##.##
......y.................
.........##.#'#.........
.........##.#.########..
#.#.#######.#.# #..... #
#. #####⌠#.#####..... .
.................. .
##................
#.........###.....


You could see a tentacled monstrosity and a moth of wrath.

Vanquished Creatures
  2 orbs of fire (Zot)
  3 two-headed ogres
  A death cob (D:10)
  A draconian monk (D:10)
  A storm dragon (D:10)
  2 shadow dragons (D:10)
  A draconian knight (D:10)
  A draconian annihilator (D:10)
  A draconian shifter (D:10)
  Maurice (D:9)
  A fire dragon (D:10)
  2 purple draconians
  2 yellow draconians (D:10)
  A red draconian (Zot)
  A white draconian (D:10)
  A troll (D:9)
  Grinder (D:3)
  3 hippogriffs (D:9)
  3 moths of wrath (D:10)
  3 wraiths (D:10)
  3 yaks (D:8)
  A spriggan (D:7)
  2 chaos spawn (D:9)
  3 hungry ghosts
  6 orc warriors
  6 sky beasts
  3 ice beasts
  2 black bears
  10 ogres
  An eye of draining (D:9)
  3 phantoms
  12 centaurs
  3 big kobolds
  Blork the orc (D:6)
  3 bullfrogs
  4 scorpions
  15 killer bees
  3 wights (D:10)
  A crimson imp (D:6)
  2 centaur zombies
  A quasit (D:8)
  2 centaur skeletons
  2 hounds (D:7)
  2 gnoll shamans (D:7)
  3 jellies
  4 orc priests
  8 orc wizards
  5 iguanas
  3 bullfrog skeletons
  5 worker ants
  A killer bee zombie (D:7)
  Robin (D:3)
  9 gnolls
  11 adders
  3 shadow imps
  An ooze (D:1)
  An adder zombie (D:4)
  4 worms
  3 dart slugs
  6 leopard geckos
  25 orcs
  3 bats (D:1)
  3 giant cockroaches
  13 hobgoblins
  2 jackals (D:4)
  5 quokkas
  5 frilled lizards
  18 goblins
  15 kobolds
  11 rats
  2 fungi (D:7)
293 creatures vanquished.

Vanquished Creatures (collateral kills)
  A two-headed ogre (D:8)
  Prince Ribbit (D:6)
  A phantom (D:8)
  A bullfrog (D:6)
  A howler monkey (D:9)
  A centaur zombie (D:9)
  A centaur skeleton (D:9)
7 creatures vanquished.

Vanquished Creatures (others)
  An orc (D:4)
  4 fungi (D:7)
5 creatures vanquished.

Grand Total: 305 creatures vanquished

Notes
Turn   | Place    | Note
-------+----------+-------------------------------------------
     0 | D:1      | Dorkslayer the Human Fighter began the quest for the Orb.
     0 | D:1      | Reached XP level 1. HP: 18/18 MP: 1/1
   107 | D:1      | Reached XP level 2. HP: 24/24 MP: 2/2
   137 | D:1      | Found Sasuahi's Antique Weapon Boutique.
   433 | D:1      | Found Zoalabba's Food Shop.
   439 | D:1      | Reached XP level 3. HP: 29/29 MP: 3/3
   473 | D:1      | Found Zucsis's Distillery.
   550 | D:1      | Found Omeduzam's Jewellery Emporium.
   717 | D:1      | Bought 2 potions of curing for 60 gold pieces
   759 | D:2      | Reached XP level 4. HP: 17/35 MP: 4/4
   784 | D:2      | Found a staircase to the Ecumenical Temple.
   793 | Temple   | Entered the Ecumenical Temple
   806 | Temple   | Became a worshipper of the Shining One
   825 | D:2      | Found a bloodstained altar of Trog.
  1757 | D:3      | Noticed Grinder
  1765 | D:3      | Killed Grinder
  1765 | D:3      | Reached skill level 1 in Invocations
  1765 | D:3      | Reached skill level 1 in Evocations
  1765 | D:3      | Reached XP level 5. HP: 42/42 MP: 4/6
  1765 | D:3      | Reached XP level 6. HP: 48/48 MP: 4/7
  1803 | D:3      | Got the +2 pair of boots of Jiposs {rF+++ MR+ Str-2 Dex+4}
  1871 | D:3      | Found a faded altar of an unknown god.
  2081 | D:3      | Noticed Robin
  2093 | D:3      | Killed Robin
  2452 | D:3      | Reached skill level 1 in Dodging
  2607 | D:3      | Reached XP level 7. HP: 51/53 MP: 8/8
  2946 | D:4      | Reached skill level 4 in Fighting
  3026 | D:4      | Reached * piety under the Shining One
  3207 | D:4      | Reached XP level 8. HP: 60/60 MP: 10/10
  3506 | D:4      | Found Inedoypte's Antique Armour Boutique.
  3911 | D:5      | Entered Level 5 of the Dungeon
  3992 | D:5      | Reached skill level 5 in Long Blades
  4445 | D:5      | Got the +1 short sword of the Lumpy Scars {vorpal, *Rage
                  | rElec Int+4 Dex+4}
  4832 | D:6      | Reached skill level 1 in Short Blades
  4832 | D:6      | Reached XP level 9. HP: 66/66 MP: 12/12
  4921 | D:6      | Noticed Blork the orc
  4941 | D:6      | Killed Blork the orc
  5195 | D:6      | Noticed Prince Ribbit
  5205 | D:6      | Reached skill level 1 in Throwing
  5207 | D:6      | Reached skill level 5 in Shields
  5272 | D:6      | Killed Prince Ribbit
  5272 | D:6      | Reached skill level 5 in Invocations
  5400 | D:7      | Reached ** piety under the Shining One
  5532 | D:7      | Reached XP level 10. HP: 73/73 MP: 12/14
  5650 | D:7      | Reached skill level 5 in Evocations
  5714 | D:7      | Reached skill level 5 in Armour
  5742 | D:7      | Reached skill level 5 in Fighting
  5974 | D:7      | Reached skill level 6 in Fighting
  6294 | D:7      | Reached skill level 7 in Fighting
  6637 | D:7      | Reached skill level 8 in Fighting
  7075 | D:8      | Noticed a two-headed ogre
  7078 | D:8      | Reached *** piety under the Shining One
  7082 | D:8      | Killed a two-headed ogre
  7375 | D:8      | Reached XP level 11. HP: 87/87 MP: 15/15
  7567 | D:8      | Reached skill level 9 in Fighting
  7825 | D:8      | Noticed a two-headed ogre
  7833 | D:8      | Killed a two-headed ogre
  7833 | D:8      | Reached skill level 10 in Fighting
  8050 | D:9      | Found a hide-covered altar of Uskayaw.
  8050 | D:9      | Noticed a two-headed ogre
  8072 | D:9      | Killed a two-headed ogre
  8272 | D:9      | Found the +7 mace of Variability {chain chaos}
  8287 | D:9      | Found a shimmering altar of Xom.
  8296 | D:9      | Reached skill level 11 in Fighting
  8332 | D:9      | Reached **** piety under the Shining One
  8452 | D:9      | Noticed Maurice
  8469 | D:9      | Killed Maurice
  8616 | D:10     | Entered Level 10 of the Dungeon
  8616 | D:10     | Noticed a green draconian shifter
  8618 | D:10     | Noticed a storm dragon
  9203 | D:10     | Noticed a two-headed ogre
  9218 | D:10     | Killed a two-headed ogre
  9218 | D:10     | Reached skill level 12 in Fighting
  9281 | D:10     | Killed a storm dragon
  9281 | D:10     | Reached XP level 12. HP: 103/103 MP: 16/16
  9574 | D:10     | Noticed a shadow dragon
  9597 | D:10     | Killed a shadow dragon
  9597 | D:10     | Reached skill level 13 in Fighting
  9669 | D:10     | Noticed a shadow dragon
  9688 | D:10     | Killed a shadow dragon
  9996 | D:10     | Found the +5 scythe "Finisher" {speed, eviscerate}
 10208 | D:10     | Found a gate to the Realm of Zot.
 10267 | Zot      | Entered the Realm of Zot
 10267 | Zot      | Noticed a black draconian monk
 10267 | Zot      | Noticed a death cob
 10394 | D:10     | Killed a death cob
 10394 | D:10     | Reached skill level 14 in Fighting
 10657 | D:10     | Killed a black draconian monk
 11138 | Zot      | Noticed an orb of fire
 11147 | Zot      | Noticed an orb of fire
 11148 | Zot      | Gained mutation: You do not regenerate when monsters are
                  | visible. [an orb of fire]
 11149 | Zot      | Killed an orb of fire
 11153 | Zot      | Lost mutation: You do not regenerate when monsters are
                  | visible. [potion of mutation]
 11153 | Zot      | Gained mutation: Your magical capacity is low. (-10% MP)
                  | [potion of mutation]
 11153 | Zot      | Gained mutation: You are robust. (+10% HP) [potion of
                  | mutation]
 11153 | Zot      | Gained mutation: You have a pair of small antennae on your
                  | head. [potion of mutation]
 11155 | Zot      | Gained mutation: You are weak. (Str -2) [an orb of fire]
 11324 | Zot      | Lost mutation: You are robust. (+10% HP) [an orb of fire]
 11333 | Zot      | Gained mutation: You are occasionally teleported next to
                  | monsters. [an orb of fire]
 11336 | Zot      | Gained mutation: You are very weak. (Str -4) [an orb of
                  | fire]
 11339 | Zot      | Killed an orb of fire
 11339 | Zot      | Reached skill level 10 in Armour
 11339 | Zot      | Reached skill level 5 in Dodging
 11339 | Zot      | Reached XP level 13. HP: 85/114 MP: 14/15
 11379 | Zot      | Slain by a moth of wrath

Levels and vault maps discovered:
D:1:      dpeg_arrival_three_smaller_balls, layout_basic, serial_shops,
          nicolae_shop_behind_doors, shop_fountains, kennysheep_mini, shop,
          minmay_misc_feat_roman
D:2:      layout_loops_corners, bloody_trog, minmay_temple_entry_mini_moons,
          first_ration
D:3:      layout_basic, chequers_ecumenical_altar_grove, kennysheep_nub,
          uniq_robin, uniq_grinder
D:4:      minmay_thinvault, layout_basic, serial_shops, kennysheep_little_box
D:5:      layout_basic
D:6:      layout_rooms, uniq_blork_the_orc, uniq_prince_ribbit1
D:7:      kennysheep_seaside_town, layout_layer_cave, the_bakery,
          minmay_manual_mares
D:8:      layout_basic
D:9:      layout_roguey, basic_altar, minmay_guarded_unrand_variability,
          uniq_maurice
D:10:     evilmike_zot_entry_diamond, layout_loops_cross,
          minmay_guarded_unrand_finisher
Temple:   minmay_crystal_snake_temple
Zot:      layout_basic, grunt_ministairs_13

Skill      XL: |  1  2  3  4  5  6  7  8  9 10 11 12 |
---------------+-------------------------------------+-----
Long Blades    | 3 4 6 |  6.6
Invocations    | 1 2 3 4 5 6 |  6.3
Evocations     | 1 2 3 4 5 6 |  6.1
Dodging        | 1 2 3 4 5 |  5.0
Fighting       | 4 8 12 14 | 14.4
Armour         | 4 7 8 10 | 10.0
Shields        | 4 5 |  5.5
Short Blades   | 1 4 |  4.1
Throwing       | 1 3 4 |  4.9

Action                   |  1- 3 |  4- 6 |  7- 9 | 10-12 | 13-15 || total
-------------------------+-------+-------+-------+-------+-------++-------
Melee: Long sword        |    90 |   162 |   137 |    41 |     7 ||   437
       Short sword       |       |       |   202 |   719 |       ||   921
Throw: Boomerang         |       |       |    22 |    26 |       ||    48
Invok: Divine Shield     |       |       |     1 |    12 |     1 ||    14
Evoke: Wand              |       |     1 |     1 |    22 |       ||    24
       Sack of spiders   |       |       |     3 |     3 |       ||     6
  Use: Scroll            |       |       |     1 |     5 |       ||     6
       Potion            |       |       |       |     1 |       ||     1
  Eat: Chunk             |       |     6 |       |    13 |       ||    19
       Ration            |       |       |     3 |     4 |       ||     7
Armor: Scale mail        |    38 |    57 |    50 |       |       ||   145
       Chain mail        |       |       |    89 |   110 |       ||   199
       Shadow dragon sca |       |       |       |    28 |    10 ||    38
Dodge: Dodged            |    36 |    53 |   102 |   243 |     8 ||   442
Block: Kite shield       |    48 |    80 |   194 |   442 |     8 ||   772
       Rpst.: Long sword |    11 |    17 |    10 |     1 |     1 ||    40
